 Dungeon Crawl Stone Soup version 0.30-a0-1160-g6e42c06551 (webtiles) character file.

Game seed: 9197843569774547779

470 Querens the Conjurer (level 7, -2/41 HPs)
             Began as an Octopode Conjurer on Apr 26, 2023.
             Was a Follower of Vehumet.
             Killed from afar by an orc wizard (9 damage)
             ... with a puff of flame
             ... on level 4 of the Dungeon.
             The game lasted 00:11:38 (2455 turns).

Querens the Conjurer (Octopode Conjurer)            Turns: 2455, Time: 00:11:39

Health: -2/41      AC:  1    Str:  7    XL:     7   Next: 9%
Magic:  1/14       EV: 13    Int: 22    God:    Vehumet [*.....]
Gold:   211        SH:  0    Dex: 10    Spells: 13/16 levels left

rFire   . . .        o - +0 dagger (freeze)
rCold   . . .        (no shield)
rNeg    . . .        (helmet restricted)
rPois   .            (no amulet)
rElec   .            g - ring of resist corrosion
rCorr   +            (no ring)
SInv    .            (no ring)
Will    .....        (no ring)
Stlth   +++          (no ring)
HPRegen 0.26/turn    (no ring)
MPRegen 0.14/turn    (no ring)
                     (no ring)

%: no passive effects
@: no status effects
A: almost no armour, amphibious, 8 rings, camouflage 1, gelatinous body 1,
(nimble swimmer 1), tentacles
a: Renounce Religion


You were on level 4 of the Dungeon.
You worshipped Vehumet.
Vehumet was aware of your devotion.
You visited 2 branches of the dungeon, and saw 5 of its levels.

You collected 211 gold pieces.

Inventory:

Hand Weapons
 o - a +0 dagger of freezing (weapon)
Jewellery
 g - a ring of resist corrosion (left tentacle)
Scrolls
 b - 7 scrolls of identify {unknown}
 c - a scroll of immolation {unknown}
 d - 2 scrolls of magic mapping {unknown}
 e - a scroll of enchant weapon {unknown}
 h - 3 scrolls of blinking {unknown}
 i - a scroll of noise {unknown}
 j - a scroll of fog {unknown}
 l - 3 scrolls of brand weapon {unknown}
 n - 2 scrolls of teleportation {unknown}
Potions
 a - a potion of magic
 f - a potion of curing
 k - a potion of haste {unknown}
 m - a potion of attraction {unknown}


   Skills:
 - Level 2.0 Dodging
 - Level 2.6 Stealth
 + Level 5.0 Spellcasting
 + Level 6.5 Conjurations


You had 13 spell levels left.
You knew the following spells:

 Your Spells              Type           Power      Damage    Failure   Level
a - Magic Dart            Conj           100%       1d8       1%          1
b - Searing Ray           Conj           68%        2d6       1%          2

Your spell library contained the following spells:

 Spells                   Type           Power      Damage    Failure   Level
 Shock                    Conj/Air       76%        1d7       2%          1
 Dazzling Flash           Conj/Hex       38%        N/A       8%          3
 Fulminant Prism          Conj/Hex       9%         3d7       26%         4
 Iskenderun's Mystic Bla  Conj/Tloc      19%        2d6       26%         4
 Frozen Ramparts          Ice            10%        1d2       30%         3
 Ice Form                 Ice/Tmut       5%         N/A       69%         4
 Summon Ice Beast         Ice/Summ       5%         N/A       69%         4


Dungeon Overview and Level Annotations

Branches:
Dungeon (4/15)             Temple (1/1) D:4

Altars:
Cheibriados
Dithmenos
Gozag
Kikubaaqudgha
Makhleb
Nemelex Xobeh
Okawaru
Qazlal
Sif Muna
Trog
Uskayaw
Vehumet
Wu Jian
Zin
The Shining One

Shops:
D:1 !(

Annotations:
D:4 Grinder


Innate Abilities, Weirdness & Mutations

You cannot wear most types of armour.
You are amphibious.
You can wear up to eight rings at the same time.
Your skin changes colour to match your surroundings (Stealth+).
Your rubbery body absorbs attacks. (AC +1, EV +1)
((You are camouflaged when in or above water. (Stealth+)))
You have tentacles for arms and can constrict up to eight enemies at once.


Message History

The searing ray hits the orc wizard.
The orc wizard is severely wounded.
The orc wizard hits you with a +2 dagger of speed.
The searing ray hits the orc wizard.
You kill the orc wizard!
Vehumet accepts your kill.
The searing ray hits something.
Your Spellcasting skill increases to level 5!
The searing ray hits something.
You finish channelling your searing ray.
Something hits you but does no damage.
Casting: Searing Ray (safe; 1% risk of failure)
Confirm with . or Enter, or press ? or * to list all spells.
Aiming: Searing Ray (safe; 1% risk of failure)
Press: ? - help, Shift-Dir - straight line The searing ray hits something. (Press . to maintain the ray.)
Something hits you.
Unknown command.
The searing ray hits something.
Something hits you.
* * * LOW HITPOINT WARNING * * *
Something hits you but does no damage.
You finish channelling your searing ray.
You hear some strange, mumbled words.
A magic dart appears from out of thin air!
The magic dart hits you.
* * * LOW HITPOINT WARNING * * *
You miss something. Your squeeze misses something. Something hits you.
* * * LOW HITPOINT WARNING * * *
It was a potion of curing.
You feel better. Something hits you.
* * * LOW HITPOINT WARNING * * *
You miss something. Your squeeze misses something.
Something hits you but does no damage.
You closely miss something. Something hits you.
* * * LOW HITPOINT WARNING * * *
You miss something. Your squeeze misses something.
You hear some strange, mumbled words.
A puff of flame appears from out of thin air!
The puff of flame hits you!
You die...

#.......#................#'##
#.....................## #..#
#......##.#.#.........####..#
#####...##.......?...............
#.......##................###....
#......#......#..###.#..........#
#......#......#..# #†#...#####...
#.............##{# #†##### #...
######...#..#.##@# #.#########...
######...........# #.............
#..(..........#### ####..........
#........####.# #.....##...
#5.[.....# #.....##.#. #........#
#.....+..#. #........#
#.....##.#. #........#
#.....'.... #.g......#
#.....##>#.


There were no monsters in sight!

Vanquished Creatures
  An ogre (D:4)
  A scorpion (D:4)
  An orc priest (D:3)
  A hound (D:4)
  A jelly (D:4)
  2 iguanas (D:4)
  An orc wizard (D:4)
  5 adders
  An ufetubus (D:4)
  5 dart slugs
  2 worms
  7 orcs
  5 ball pythons
  5 bats
  9 endoplasms
  3 giant cockroaches
  8 goblins
  8 hobgoblins
  4 jackals (D:4)
  6 kobolds
  2 quokkas
  8 frilled lizards
  4 rats (D:1)
90 creatures vanquished.

Notes
Turn   | Place    | Note
-------+----------+-------------------------------------------
     0 | D:1      | Querens the Octopode Conjurer began the quest for the Orb.
     0 | D:1      | Reached XP level 1. HP: 11/11 MP: 3/3
    61 | D:1      | Found Ocuah's Distillery.
   138 | D:1      | Reached XP level 2. HP: 12/17 MP: 5/5
   422 | D:1      | Reached XP level 3. HP: 9/21 MP: 6/6
   429 | D:1      | Learned a level 2 spell: Searing Ray
   555 | D:1      | Found Jusa's Weapon Shoppe.
   799 | D:2      | Found a faded altar of an unknown god.
  1052 | D:2      | Reached XP level 4. HP: 23/27 MP: 8/8
  1412 | D:3      | Reached skill level 5 in Conjurations
  1568 | D:3      | Reached XP level 5. HP: 7/31 MP: 2/10
  1905 | D:4      | Found a staircase to the Ecumenical Temple.
  1915 | Temple   | Entered the Ecumenical Temple
  1961 | Temple   | Became a worshipper of Vehumet
  2043 | D:4      | Reached XP level 6. HP: 33/36 MP: 3/12
  2185 | D:4      | Reached skill level 6 in Conjurations
  2339 | D:4      | Reached * piety under Vehumet
  2339 | D:4      | Offered knowledge of Shock by Vehumet.
  2340 | D:4      | Reached XP level 7. HP: 39/41 MP: 4/14
  2408 | D:4      | Noticed Grinder
  2446 | D:4      | Reached skill level 5 in Spellcasting
  2451 | D:4      | HP: 1/41 [something (4)]
  2455 | D:4      | Killed from afar by an orc wizard

Illustrated notes

Levels and vault maps discovered:
D:1:      spicycebolla_green_bress_n_ham, layout_basic, serial_shops,
          nicolae_shop_competitors_out_of_business,
          nicolae_shop_just_a_little_nook
D:2:      layout_basic, shapermc_ecumenical_altar_acropolis
D:3:      layout_loops_corners
D:4:      layout_basic, minmay_temple_entry_junction, minmay_increasing_density,
          uniq_grinder
Temple:   eino_wide_crystal_templ

Skill      XL: |  1  2  3  4  5  6  7 |
---------------+----------------------+-----
Spellcasting   | 3 4 5 |  5.0
Conjurations   | 5 6 |  6.5
Dodging        | |  2.0
Stealth        | |  2.6

Action                     |  1- 3 |  4- 6 |  7- 9 || total
---------------------------+-------+-------+-------++-------
  Melee: Unarmed           |    91 |    49 |       ||   140
         Constrict         |    24 |    12 |     1 ||    37
         Tentacles         |    25 |    13 |     1 ||    39
         Punch             |     2 |       |       ||     2
         Dagger            |       |     1 |     6 ||     7
   Cast: Magic Dart        |    13 |     7 |       ||    20
         Searing Ray       |     2 |    21 |     4 ||    27
    Use: Potion            |       |       |     1 ||     1
   Stab: Sleeping          |     9 |     5 |       ||    14
 Armour: Skin              |     2 |     8 |     3 ||    13
  Dodge: Dodged            |    53 |    51 |     1 ||   105

Table legend: (Time is in decaauts)
 A = Elapsed time spent in this place.
 B = Non-inter-level travel time spent in this place.
 C = Inter-level travel time spent in this place.
 D = Time resting spent in this place.
 E = Time spent auto-exploring this place.
 F = Levels seen in this place.
 G = Mean time per level.
                   A        B        C        D        E       F      G
               +--------+--------+--------+--------+--------+-----+--------+
         Total |   2453 |   2271 |    182 |      0 |      0 |   5 |  490.6 |
       Dungeon |   2400 |   2223 |    177 |      0 |      0 |   4 |  600.0 |
        Temple |     52 |     47 |      5 |      0 |      0 |   1 |   52.0 |
               +--------+--------+--------+--------+--------+-----+--------+

Top non-repeatable levels by time:
     D:1: 704 daAuts
     D:3: 642 daAuts
     D:4: 528 daAuts
     D:2: 525 daAuts
  Temple: 52 daAuts
